 Dungeon Crawl Stone Soup version 0.24.0-37-gcf1ca852f1 (webtiles) character file.

Game seed: 15501702745524325966, levelgen mode: deterministic

4193 Iamsoldier the Thaumaturge (level 10, -1/58 HPs)
             Began as a Deep Elf Air Elementalist on Dec 3, 2019.
             Was an Initiate of Vehumet.
             Slain by a killer bee (5 damage)
             ... on level 8 of the Dungeon.
             The game lasted 00:29:38 (9482 turns).

Iamsoldier the Thaumaturge (DEAE)                   Turns: 9482, Time: 00:29:39

Health: -1/58      AC:  5    Str: 11    XL:     10   Next: 8%
Magic:  10/31      EV: 17    Int: 21    God:    Vehumet [......]
Gold:   556        SH:  0    Dex: 17    Spells: 5/26 levels left

rFire    + + .     SeeInvis .   p - staff of fire
rCold    . . .     Gourm    .   (no shield)
rNeg     . . .     Faith    .   a - +0 robe
rPois    .         Spirit   .   (no helmet)
rElec    .         Reflect  .   (no cloak)
rCorr    .         Harm     .   E - +1 pair of gloves
MR       +....                  y - +0 pair of boots
Stlth    ++........             (no amulet)
HPRegen  0.19/turn              q - ring of magical power
MPRegen  0.22/turn              D - ring "Ivitytt" {rF+ Str+3}

@: very slightly contaminated
A: agile 1, dopey 1, low mp 1, strong 1
a: Renounce Religion


You were on level 8 of the Dungeon.
You worshipped Vehumet.
Vehumet was noncommittal.
You were near starving.

You visited 2 branches of the dungeon, and saw 9 of its levels.
You also visited: Ossuary.

You collected 556 gold pieces.

Inventory:

Hand Weapons
 f - a +0 short sword
 n - a +4 spear of chaos
Armour
 a - a +0 robe (worn)
 y - a +0 pair of boots (worn)
 E - a +1 pair of gloves (worn)
Magical Staves
 p - an uncursed staff of fire (weapon)
Jewellery
 o - an uncursed ring of flight
 q - a ring of magical power (left hand)
 s - a +2 ring of slaying
 D - the ring "Ivitytt" (right hand) {rF+ Str+3}
   (You took it off an orc wizard on level 6 of the Dungeon)

   [ring of protection from fire]

   It affects your strength (+3).
   It protects you from fire.
Wands
 v - a wand of digging (4)
 x - a wand of flame (29)
 J - a wand of random effects (44)
Scrolls
 b - 7 scrolls of teleportation
 g - 4 scrolls of remove curse
 h - 6 scrolls of identify
 l - a scroll of fog
 m - a scroll of fear
 u - a scroll of magic mapping
 w - 5 scrolls of amnesia
Potions
 d - a potion of degeneration
 e - 2 potions of ambrosia {unknown}
 i - a potion of flight {unknown}
 j - a potion of resistance {unknown}
 k - 5 potions of curing
 r - 3 potions of mutation
 t - 2 potions of cancellation {unknown}
 A - a potion of magic {unknown}
 B - a potion of haste {unknown}
 F - 2 potions of agility {unknown}
 G - 2 potions of brilliance {unknown}
 H - a potion of berserk rage {unknown}
Comestibles
 c - 15 rations


   Skills:
 + Level 4.5 Fighting
 + Level 7.7 Dodging
 - Level 2.4 Stealth
 + Level 8.5 Spellcasting
 + Level 6.6 Conjurations
 + Level 1.6 Charms
 + Level 8.3 Air Magic
 + Level 3.3 Poison Magic


You had 5 spell levels left.
You knew the following spells:

 Your Spells              Type           Power        Failure   Level  Hunger
a - Shock                 Conj/Air       ####         1%          1    None
b - Airstrike             Air            #####.....   2%          4    ###....
c - Shroud of Golubria    Chrm/Tloc      ##....       9%          2    None
d - Blink                 Tloc           N/A          12%         2    None
e - Lightning Bolt        Conj/Air       #####.....   10%         5    #####..
f - Swiftness             Chrm/Air       ####....     1%          2    None
g - Venom Bolt            Conj/Pois      ####......   26%         5    #####..

Your spell library contained the following spells:

 Spells                   Type           Power        Failure   Level  Hunger
 Static Discharge         Conj/Air       #####...     1%          3    None
 Olgreb's Toxic Radiance  Pois           ###.....     19%         4    ###....
 Dispersal                Tloc           #.........   100%        6    ######.


Dungeon Overview and Level Annotations

Branches:
Dungeon (8/15)             Temple (1/1) D:7         Ossuary (visited)
   Lair: D:8-11

Altars:
Ashenzari
Cheibriados
Dithmenos
Elyvilon
Fedhas
Gozag
Hepliaklqana
Kikubaaqudgha
Makhleb
Nemelex Xobeh
Okawaru
Qazlal
Ru
Sif Muna
Trog
Uskayaw
Vehumet
Wu Jian
Xom
Yredelemnul
Zin
The Shining One

Shops:
D:8 *

Annotations:
D:3 3 runed translucent doors, Esos's ghost, weakling DgIE; Nilihum's ghost, weakling DEWz; kaycho's ghost, amateur MiFi; p0werm0de's ghost, amateur VSWn


Innate Abilities, Weirdness & Mutations

You are agile. (Dex +2)
You are dopey. (Int -2)
Your magical capacity is low. (-10% MP)
Your muscles are strong. (Str +2)


Message History

There is an open door here.
Okay, then.
You feel better. The killer bee misses you. The killer bee stings you.
* * * LOW HITPOINT WARNING * * *
The killer bee stings you.
* * * LOW HITPOINT WARNING * * *
The killer bee stings you.
* * * LOW HITPOINT WARNING * * *
The killer bee barely misses you. The killer bee completely misses you.
Okay, then.
Evoke which item? (* to show all) (? for menu, Esc to quit)
Aiming: Throw Flame
Press: ? - help, Shift-Dir - straight line, f - killer bee
Aim: a killer bee The puff of flame hits the killer bee.
The killer bee is severely wounded.
The killer bee closely misses you. The killer bee barely misses you.
The killer bee completely misses you. The killer bee barely misses you.
The killer bee misses you. The killer bee stings you.
You die...

#..... ############### #...##
..............# ###....#
..............###†...#
................'>...#
...............##....#
...............##yy..## #
.<.............##yy...# #y .
................@yyyK.####.###..
..............>##yyy....#.##....
...............##yyy..........
...............##y.........###..
...............##..............#
...............##..........#####
...............##..........#
...............##..........#
......(........##..........#


You could see a big kobold and 14 killer bees.

Vanquished Creatures
  5 gargoyles (D:7)
  A hippogriff (D:8)
  3 hungry ghosts (D:7)
  4 ice beasts
  2 orc warriors (D:6)
  A sky beast (D:6)
  4 ogres
  An elf zombie (Ossuary)
  A bullfrog (D:6)
  2 scorpions
  2 killer bees (D:8)
  A bullfrog zombie (D:6)
  2 crimson imps
  A hound (D:5)
  A quasit (D:6)
  A bullfrog skeleton (D:5)
  2 orc priests
  An iguana (D:6)
  9 orc wizards
  3 worker ants
  A killer bee zombie (D:5)
  A big kobold zombie (Ossuary)
  A hound skeleton (D:2)
  3 mummies (Ossuary)
  6 adders
  2 shadow imps (D:6)
  An ooze (D:1)
  2 adder zombies (Ossuary)
  A worm (D:4)
  3 dart slugs
  4 leopard geckos
  27 orcs
  2 giant cockroaches
  4 goblins
  5 hobgoblins
  8 jackals
  10 kobolds
  7 quokkas
  A ball python (D:3)
  9 bats
  6 frilled lizards
  3 goblin zombies
  5 hobgoblin zombies (Ossuary)
  2 jackal skeletons
  3 kobold zombies (Ossuary)
  A leopard gecko skeleton (D:6)
  2 quokka skeletons (D:5)
  A quokka zombie (Ossuary)
  15 rats
  4 rat zombies
187 creatures vanquished.

Notes
Turn   | Place    | Note
-------+----------+-------------------------------------------
     0 | D:1      | Iamsoldier the Deep Elf Air Elementalist began the quest
                  | for the Orb.
     0 | D:1      | Reached XP level 1. HP: 10/10 MP: 6/6
   222 | D:1      | Reached XP level 2. HP: 15/15 MP: 5/8
  1573 | D:2      | Reached XP level 3. HP: 19/19 MP: 7/10
  1635 | D:2      | Found an ornate altar of the Wu Jian Council.
  1844 | D:2      | You fall into a shaft and drop 1 floor!
  2526 | D:2      | Reached XP level 4. HP: 21/24 MP: 11/11
  2564 | D:2      | Noticed a five-headed hydra
  2933 | D:3      | Learned a level 4 spell: Airstrike
  2936 | D:3      | Learned a level 2 spell: Swiftness
  2946 | D:3      | Found a shadowy altar of Dithmenos.
  3007 | D:3      | Found a faded altar of an unknown god.
  3250 | D:3      | Reached XP level 5. HP: 28/28 MP: 13/13
  3415 | D:3      | Found a runed translucent gate.
  3415 | D:3      | Noticed kaycho's ghost (amateur MiFi)
  3416 | D:3      | Found a runed translucent gate.
  3416 | D:3      | Found a runed translucent gate.
  3416 | D:3      | Noticed Esos's ghost (weakling DgIE)
  3417 | D:3      | Noticed p0werm0de's ghost (amateur VSWn)
  3417 | D:3      | Noticed Nilihum's ghost (weakling DEWz)
  3903 | D:4      | Found a hide-covered altar of Uskayaw.
  4222 | D:4      | Found a shadowy altar of Dithmenos.
  4435 | D:5      | Entered Level 5 of the Dungeon
  4691 | D:5      | Reached skill level 1 in Fighting
  4691 | D:5      | Reached XP level 6. HP: 34/34 MP: 14/14
  4698 | D:5      | Learned a level 5 spell: Lightning Bolt
  4870 | D:5      | Noticed an ice beast
  4924 | D:5      | Found an iron altar of Okawaru.
  4928 | D:5      | Found a glowing silver altar of Zin.
  5251 | D:5      | Killed an ice beast
  5251 | D:5      | Reached skill level 5 in Spellcasting
  5251 | D:5      | Reached skill level 5 in Air Magic
  5402 | D:6      | Noticed an orc warrior
  5420 | D:6      | Killed an orc warrior
  5420 | D:6      | Reached XP level 7. HP: 18/39 MP: 13/16
  5980 | D:6      | Reached skill level 5 in Dodging
  6239 | D:6      | Identified the ring "Ivitytt" {rF+ Str+3}
  6511 | D:6      | Reached XP level 8. HP: 35/45 MP: 18/19
  6939 | D:7      | Found a sand-covered staircase.
  6966 | Ossuary  | Entered an ossuary
  7608 | D:7      | Found a staircase to the Ecumenical Temple.
  7613 | D:7      | Reached skill level 5 in Conjurations
  8110 | Temple   | Entered the Ecumenical Temple
  8168 | Temple   | Became a worshipper of Vehumet
  8224 | D:7      | Reached XP level 9. HP: 51/51 MP: 21/21
  8243 | D:7      | Found a snail-covered altar of Cheibriados.
  8434 | D:7      | Identified a scroll of acquirement
  8434 | D:7      | Identified the Incunabulum of the Traveller and
                  | Contamination (You acquired it on level 7 of the Dungeon)
  8441 | D:7      | Learned a level 2 spell: Blink
  8444 | D:7      | Learned a level 2 spell: Shroud of Golubria
  8450 | D:7      | Learned a level 5 spell: Venom Bolt
  8492 | D:7      | Noticed a gargoyle
  8497 | D:7      | Killed a gargoyle
  8497 | D:7      | Reached skill level 1 in Poison Magic
  8502 | D:7      | Noticed a gargoyle
  8506 | D:7      | Killed a gargoyle
  8649 | D:7      | Noticed a gargoyle
  8652 | D:7      | Killed a gargoyle
  8662 | D:7      | Noticed a gargoyle
  8666 | D:7      | Killed a gargoyle
  8780 | D:7      | Noticed a gargoyle
  8783 | D:7      | Killed a gargoyle
  9176 | D:8      | Reached XP level 10. HP: 58/58 MP: 16/24
  9179 | D:8      | Reached skill level 1 in Charms
  9390 | D:8      | Found Enokh's Assorted Antiques.
  9470 | D:8      | Gained mutation: You are dopey. (Int -2) [potion of
                  | mutation]
  9470 | D:8      | Gained mutation: Your muscles are strong. (Str +2) [potion
                  | of mutation]
  9470 | D:8      | Gained mutation: Your magical capacity is low. (-10% MP)
                  | [potion of mutation]
  9470 | D:8      | Gained mutation: You are agile. (Dex +2) [potion of
                  | mutation]
  9482 | D:8      | Slain by a killer bee

Levels and vault maps discovered:
D:1:      mrwooster_arrival_statue_2, layout_basic, minivault_27,
          minmay_crystal_room
D:2:      layout_basic, lemuel_crystal_altar, lightli_corner_chamber
D:3:      layout_loops_ring, old_standard_altar,
          chequers_ecumenical_altar_simple, gammafunk_ghost_cemetery,
          kennysheep_generic_room_4
D:4:      layout_loops_ring, eat_drink_and_be_merry_uskayaw, first_ration,
          serial_co_window_serial, co_window_of_opportunity_a,
          co_window_corner_a, co_window_paths_a, co_window_paths_a,
          co_window_of_opportunity_a, co_window_unsneaky_path_e,
          co_window_broadway_c, co_window_broadway_b, glass_columns_b,
          glass_columns_a, glass_columns_a, glass_columns_c, glass_columns_c,
          minmay_misc_feat_pillars, grunt_dithmenos_smoke
D:5:      layout_cave_pools, grunt_temple_overflow_open
D:6:      layout_basic
D:7:      cheibrodos_statue_roulette, layout_cave_pools, marbit_many_paths,
          minmay_temple_entry_large_hall, enter_ossuary_4
D:8:      layout_basic, david_lair_shrubbed, serial_shops, shop, david_nohive_1
Temple:   nicolae_temple_x_marks_the_god

Skill      XL: |  1  2  3  4  5  6  7  8  9 10 |
---------------+-------------------------------+-----
Dodging        | 3 4 5 6 7 |  7.7
Conjurations   | 2 3 4 5 6 |  6.6
Spellcasting   | 4 5 6 7 8 |  8.5
Air Magic      | 4 5 6 7 8 |  8.3
Fighting       | 1 2 3 4 |  4.5
Poison Magic   | 3 |  3.3
Charms         | 1 |  1.6
Stealth        | |  2.4

Action                   |  1- 3 |  4- 6 |  7- 9 | 10-12 || total
-------------------------+-------+-------+-------+-------++-------
Melee: Hand axe          |     5 |       |       |       ||     5
       Spear             |     2 |       |     2 |       ||     4
 Cast: Shock             |    84 |   138 |   173 |    12 ||   407
       Airstrike         |       |     8 |    51 |     3 ||    62
       Blink             |       |       |       |     8 ||     8
       Shroud of Golubri |       |       |       |     1 ||     1
Evoke: Wand              |       |       |       |     1 ||     1
  Use: Scroll            |     2 |     1 |    11 |       ||    14
       Potion            |       |       |       |     3 ||     3
  Eat: Chunk             |     5 |    10 |     9 |       ||    24
       Ration            |       |       |     2 |       ||     2
Armor: Robe              |     3 |     2 |    24 |    12 ||    41
Dodge: Dodged            |    29 |    28 |    67 |    53 ||   177
